 Dungeon Crawl Stone Soup version 0.29-a0-551-gffc1d7fb78 (webtiles) character file.

Game seed: 13873872722739340234

16 shadowstone the Covered (level 2, -1/19 HPs)
             Began as a Gargoyle Fighter on June 6, 2022.
             Frozen to death by an endoplasm (5 damage)
             ... on level 1 of the Dungeon.
             The game lasted 00:01:56 (595 turns).

shadowstone the Covered (Gargoyle Fighter)           Turns: 595, Time: 00:01:57

Health: -1/19      AC: 12    Str: 19    XL:     2   Next: 54%
Magic:  2/2        EV:  7    Int:  8    God:
Gold:   34         SH:  4    Dex:  9    Spells: 1/1 levels left

rFire   . . .      SeeInvis +   a - +0 long sword
rCold   . . .      Faith    .   c - +0 buckler
rNeg    + . .      Spirit   .   e - +0 chain mail
rPois   ∞          Reflect  .   (no helmet)
rElec   +          Harm     .   (no cloak)
rCorr   .          Rampage  .   (no gloves)
Will    .....                   (no boots)
Stlth   ..........              (no amulet)
HPRegen 0.06/turn               i - ring of see invisible
MPRegen 0.08/turn               (no ring)

@: no status effects
A: sickness immunity, AC +2, negative energy resistance 1, electricity
resistance, torment resistance 1, petrification resistance
a: no special abilities


You were on level 1 of the Dungeon.
You visited 1 branch of the dungeon, and saw 1 of its levels.

You collected 34 gold pieces.

Inventory:

Hand Weapons
 a - a +0 long sword (weapon)
Armour
 b - a +0 scale mail
 c - a +0 buckler (worn)
 e - a +0 chain mail (worn)
Jewellery
 d - a ring of protection from cold
 i - a ring of see invisible (left hand)
Scrolls
 f - a scroll of enchant weapon {unknown}
Potions
 g - a potion of resistance {unknown}
 h - a potion of brilliance {unknown}


   Skills:
 + Level 3.5 Fighting
 + Level 2.0 Long Blades
 + Level 3.6 Armour
 + Level 3.4 Shields


You had one spell level left.
You didn't know any spells.
Your spell library was empty.

Dungeon Overview and Level Annotations

Branches:
Dungeon (1/15)

Altars:


Innate Abilities, Weirdness & Mutations

You are immune to sickness and miasma.
Your stone body is resilient. (AC +2)
You are immune to poison.
You resist negative energy. (rN+)
You are resistant to electric shocks. (rElec)
You are resistant to unholy torment.
You are immune to petrification.


Message History

You kill the hobgoblin!
d - a ring of protection from cold;
h - a sedimented dark potion You now have 34 gold pieces (gained 13).
Things that are here:
a +0 hand axe; 14 stones
i - a ring of see invisible
i - a ring of see invisible (left hand)
A quokka comes into view.
An endoplasm comes into view.
The endoplasm quivers.
You block the quokka's attack.
The quokka bites you but does no damage.
The quokka bites you. The endoplasm freezes you.
You are frozen.
The endoplasm hits you. The endoplasm attacks as you move away!
The endoplasm hits you. The quokka bites you.
Found a stone staircase leading down.
A hobgoblin comes into view.
The quokka attacks as you move away!
The quokka bites you but does no damage.
A hobgoblin comes into view.
Found 12 gold pieces.
The hobgoblin shouts!
You hear an angry hiss.
A bat comes into view.
You slash the quokka!
You kill the quokka!
A ball python comes into view.
You barely miss the endoplasm. The bat hits you but does no damage.
The endoplasm freezes you.
You are frozen.
* * * LOW HITPOINT WARNING * * *
The hobgoblin barely misses you.
You hit the endoplasm.
The endoplasm is moderately wounded.
The bat hits you but does no damage. The bat completely misses you.
The endoplasm freezes you.
You are frozen.
You die...

#.
#....#.#
#.#.####
#.#...# .
#.#.# .#
#.#... ..
#.#####..
#.
#.#.....#
#J..#
#@.##
#bg#
#.g.#
...#..
.S.##.#
#.>.. .#
###.. .
..# $


You could see an endoplasm, 2 hobgoblins, a bat and a ball python.

Vanquished Creatures
  3 bats (D:1)
  A giant cockroach (D:1)
  A goblin (D:1)
  A hobgoblin (D:1)
  3 jackals (D:1)
  A quokka (D:1)
  2 kobolds (D:1)
  A rat (D:1)
13 creatures vanquished.

Notes
Turn   | Place    | Note
-------+----------+-------------------------------------------
     0 | D:1      | shadowstone the Gargoyle Fighter began the quest for the
                  | Orb.
     0 | D:1      | Reached XP level 1. HP: 14/14 MP: 1/1
   216 | D:1      | Reached XP level 2. HP: 12/19 MP: 2/2
   595 | D:1      | Frozen to death by an endoplasm

Illustrated notes

Levels and vault maps discovered:
D:1:      noname_arrival_rooms_in_the_neighbourhood, layout_basic,
          minmay_ruptured

Skill      XL: |  1  2 |
---------------+-------+-----
Long Blades    | 2 |  2.0
Fighting       | |  3.5
Armour         | |  3.6
Shields        | |  3.4

Action                   || total
-------------------------++-------
Melee: Long sword        ||    46
  Use: Potion            ||     1
Armor: Chain mail        ||   115
Dodge: Dodged            ||    59
Block: Buckler           ||    28

Table legend: (Time is in decaauts)
 A = Elapsed time spent in this place.
 B = Non-inter-level travel time spent in this place.
 C = Inter-level travel time spent in this place.
 D = Time resting spent in this place.
 E = Time spent auto-exploring this place.
 F = Levels seen in this place.
 G = Mean time per level.
                   A        B        C        D        E       F      G
               +--------+--------+--------+--------+--------+-----+--------+
         Total |    610 |    610 |      0 |    238 |      0 |   1 |  610.0 |
       Dungeon |    610 |    610 |      0 |    238 |      0 |   1 |  610.0 |
               +--------+--------+--------+--------+--------+-----+--------+

Top non-repeatable levels by time:
     D:1: 610 daAuts
